Map: Neon Violet Square LE

Players

Losira - Winner!

  • Race: Zerg Zerg
  • Spawn Location: 5:00

BlueCheese

  • Race: Terran Terran
  • Spawn Location: 11:00

Event: IEM Season 12 - Katowice

VOD

Have the link to the VOD?

Description

Time

  • Played on: Feb. 27, 2018, 9:13 a.m.
  • Length: 11:53

All games in this series

Show
View Real Time Build Order
Export as new Build Order

Losira Zerg - Winner!

Build Orders: Hatch First, Roach Nydus 

Get SALT Encoding   

  12  0:00  Drone  
  13  0:13  Overlord  
  13  0:17  Drone  
  14  0:31  Drone x2  
  14  0:35  Drone  
  17  0:53  Hatchery  
  17  0:55  Drone  
  17  1:01  Drone  
  18  1:06  Extractor  
  17  1:17  Drone, Spawning Pool  
  17  1:24  Drone  
  18  1:28  Drone  
  19  1:39  Overlord  
  19  2:03  Queen  
  19  2:04  Zergling x4  
  19  2:05  Queen  
  19  2:06  Drone  
  26  2:09  Metabolic Boost  
  26  2:13  Drone  
  27  2:16  Drone  
  27  2:22  Drone  
  29  2:27  Drone  
  30  2:35  Drone  
  31  2:38  Drone  
  31  2:40  Queen  
  34  2:44  Overlord  
  34  2:47  Drone  
  35  2:54  Drone  
  35  2:56  Lair  
  36  3:01  Overlord  
  36  3:07  Drone  
  36  3:11  Drone  
  36  3:12  Drone x2  
  40  3:14  Drone  
  40  3:15  Drone  
  40  3:18  Drone  
  43  3:20  Drone  
  43  3:24  Overlord  
  44  3:27  Drone  
  44  3:28  Drone  
  45  3:36  Queen  
  45  3:37  Extractor x2  
  45  3:40  Drone x2  
  47  3:44  Drone x2  
  47  3:46  Drone  
  47  3:47  Drone  
  51  3:49  Drone  
  51  3:50  Drone  
  51  3:52  Drone  
  51  3:54  Drone  
  55  4:00  Roach Warren  
  54  4:05  Nydus Network  
  54  4:09  Queen  
  55  4:14  Queen  
  57  4:18  Overlord  
  57  4:21  Overlord  
  57  4:24  Overlord  
  57  4:30  Overlord  
  57  4:41  Glial Reconstitution  
  57  4:42  Roach  
  57  4:43  Roach x4  
  57  4:45  Roach  
  69  4:48  Roach  
  69  4:50  Roach  
  73  4:53  Roach  
  75  5:00  Nydus Canal  
  75  5:01  Roach x2  
  75  5:05  Roach  
  75  5:06  Roach  
  82  5:08  Overlord  
  82  5:10  Roach  
  82  5:13  Roach  
  86  5:16  Roach  
  90  5:21  Roach  
  90  5:22  Roach  
  90  5:28  Roach  
  94  5:32  Roach  
  94  5:33  Roach  
  94  5:34  Overlord  
  98  5:36  Roach  
  98  5:39  Overlord  
  98  5:48  Roach  
  88  5:51  Roach  
  88  5:52  Roach  
  88  5:56  Roach  
  76  6:01  Roach  
  76  6:03  Roach  
  70  6:04  Roach  
  70  6:05  Roach  
  70  6:06  Roach  
  70  6:07  Roach  
  70  6:08  Roach  
  70  6:10  Queen  
  70  6:11  Queen  
  76  6:21  Nydus Canal  
  76  6:27  Drone x2  
  76  6:31  Evolution Chamber  
  77  6:33  Drone, Evolution Chamber, Hatchery  
  77  6:38  Drone x2  
  77  6:39  Drone  
  79  6:46  Queen  
  79  7:00  Zerg Missile Weapons Level 1, Zerg Ground Armor Level 1  
  79  7:01  Drone x2  
  77  7:02  Drone x2  
  77  7:03  Drone  
  72  7:11  Drone  
  72  7:13  Drone  
  74  7:20  Drone x6  
  80  7:24  Drone  
  80  7:27  Drone  
  80  7:29  Extractor  
  81  7:34  Overlord, Extractor  
  81  7:36  Drone  
  79  7:38  Extractor  
  76  7:49  Roach  
  76  7:50  Roach x2  
  84  7:51  Roach x5  
  84  7:52  Roach  
  84  7:56  Drone  
  93  8:00  Drone x2  
  91  8:08  Roach x2  
  91  8:12  Roach  
  97  8:14  Spore Crawler  
  97  8:16  Spore Crawler  
  97  8:19  Drone  
  97  8:20  Drone, Roach x2  
  97  8:22  Roach  
  97  8:23  Roach x2  
  97  8:25  Roach  
  97  8:26  Hatchery  
  108  8:28  Ravager x2  
  108  8:29  Ravager x4  
  108  8:30  Roach  
  108  8:33  Roach  
  118  8:34  Roach x2  
  118  8:35  Roach  
  118  8:38  Roach  
  126  8:43  Overlord x2  
  126  8:48  Overlord  
  126  8:54  Overlord  
  126  8:57  Zerg Missile Weapons Level 2  
  126  8:59  Zerg Ground Armor Level 2  
  126  9:02  Roach x2  
  122  9:07  Roach  
  122  9:08  Roach x2  
  122  9:11  Roach x2  
  122  9:14  Roach x2  
  122  9:16  Roach  
  132  9:19  Roach  
  132  9:24  Hatchery  
  134  9:25  Ravager  
  134  9:26  Ravager  
  134  9:28  Roach x2  
  140  9:31  Roach  
  140  9:32  Roach  
  140  9:35  Overlord  
  140  9:36  Roach  
  140  9:37  Overlord  
  146  9:40  Burrow  
  146  9:42  Overlord  
  146  9:47  Overlord  
  146  9:54  Roach x4  
  146  9:55  Overlord  
  154  10:01  Roach x3  
  154  10:06  Roach x3  
  166  10:17  Roach  
  166  10:18  Roach x4  
  168  10:22  Roach x2  
  168  10:23  Roach  
  168  10:27  Drone  
  168  10:28  Drone x3  
  178  10:31  Ravager x4  
  178  10:33  Roach  
  184  10:38  Overlord  
  184  10:39  Roach x2  
  190  10:42  Roach  
  190  10:44  Ravager x2  
  192  10:58  Roach x3  
  192  10:59  Roach  
  195  11:14  Overlord  
  195  11:18  Extractor  
  195  11:19  Extractor  
  193  11:28  Hatchery  
  193  11:32  Overlord  
Show
View Real Time Build Order
Export as new Build Order

BlueCheese Terran 

Build Orders: Reaper Expand, MMM Bio 

Get SALT Encoding   

  12  0:00  SCV  
  13  0:12  SCV  
  14  0:18  Supply Depot  
  14  0:24  SCV  
  15  0:40  SCV  
  15  0:41  Barracks  
  16  0:45  Refinery  
  16  0:52  SCV  
  17  1:04  SCV  
  18  1:16  SCV  
  19  1:28  Reaper  
  19  1:29  Orbital Command  
  20  1:42  Command Center  
  20  1:51  Supply Depot  
  20  1:54  SCV  
  20  2:00  Marine  
  22  2:06  SCV  
  23  2:15  Factory  
  23  2:18  SCV  
  23  2:22  Barracks Reactor  
  24  2:30  SCV  
  25  2:45  Command Center  
  25  2:48  SCV  
  26  2:54  Orbital Command  
  26  3:01  SCV  
  26  3:05  Hellion x2  
  31  3:11  Barracks  
  31  3:13  Barracks Tech Lab  
  31  3:19  SCV  
  32  3:20  SCV  
  33  3:29  Hellion  
  33  3:30  Hellion  
  33  3:33  SCV x2  
  38  3:34  Marine  
  39  3:42  Stimpack  
  39  3:45  SCV x2  
  41  3:49  Refinery  
  41  3:57  SCV x2  
  41  3:58  Orbital Command  
  41  3:59  Barracks  
  41  4:01  Factory Reactor  
  41  4:02  Marine  
  43  4:07  Marine x2  
  43  4:09  SCV x2  
  48  4:20  Engineering Bay  
  48  4:21  SCV  
  48  4:22  Engineering Bay  
  48  4:23  SCV x2  
  51  4:24  Supply Depot  
  51  4:27  Marine  
  51  4:29  Marine x2  
  54  4:33  SCV  
  54  4:35  SCV  
  56  4:45  SCV x2, Marine  
  58  4:46  Marine, Factory Reactor  
  58  4:48  Starport  
  58  4:52  Supply Depot  
  60  4:54  Terran Infantry Weapons Level 1  
  60  4:55  Terran Infantry Armor Level 1  
  60  4:56  SCV  
  60  4:57  SCV  
  60  4:58  SCV  
  60  4:59  Supply Depot, Marine  
  64  5:00  Marine  
  64  5:01  Marine  
  64  5:05  Marine x2  
  68  5:11  SCV, Bunker  
  68  5:12  SCV  
  68  5:17  Marine  
  68  5:19  Marine  
  70  5:21  Marine  
  70  5:22  Marine  
  70  5:24  Marine  
  72  5:31  SCV x2  
  74  5:37  Marine  
  74  5:39  Marine  
  74  5:42  Marine  
  73  5:46  SCV x2  
  54  5:50  SCV  
  54  5:55  Marine  
  42  5:57  Marine  
  42  5:58  SCV x2  
  42  6:02  SCV  
  34  6:08  Starport Reactor  
  34  6:10  SCV x2  
  35  6:14  SCV  
  35  6:16  Marine x2  
  38  6:22  SCV  
  39  6:27  SCV x2  
  41  6:34  SCV  
  41  6:36  Marine  
  41  6:38  Marine x2  
  41  6:39  SCV x2  
  47  6:45  Bunker  
  47  6:46  SCV  
  47  6:50  Medivac  
  47  6:51  SCV  
  47  6:54  Marine  
  49  6:56  Marine  
  49  7:00  SCV  
  46  7:03  Marine  
  41  7:10  Medivac  
  41  7:11  Marine  
  41  7:13  SCV x2, Marine  
  41  7:14  SCV  
  47  7:21  Marine  
  48  7:25  SCV x2  
  48  7:26  SCV  
  48  7:29  Marine  
  52  7:31  Marine, Medivac  
  55  7:37  SCV  
  55  7:38  Marine  
  55  7:41  SCV x2  
  59  7:44  Engineering Bay  
  59  7:47  Marine  
  59  7:49  SCV, Marine  
  62  7:53  SCV x2  
  62  7:56  Marine  
  63  8:02  SCV  
  63  8:05  SCV x2, Marine  
  67  8:06  Barracks  
  67  8:07  Marine  
  67  8:09  Barracks  
  67  8:12  Armory  
  68  8:14  SCV  
  69  8:29  Supply Depot x2  
  69  8:30  Supply Depot  
  69  8:38  Barracks Reactor  
  69  8:39  Combat Shields  
  69  8:40  Barracks Reactor  
  69  8:51  SCV x3, Marine, Command Center  
  69  8:52  Factory Tech Lab  
  72  9:03  SCV x3  
  72  9:08  Marine  
  73  9:12  Siege Tank  
  73  9:15  SCV x3  
  78  9:17  Marine x4  
  78  9:18  Medivac  
  82  9:25  Refinery x2  
  82  9:26  Marine  
  82  9:27  SCV x3, Bunker  
  86  9:34  Marine  
  86  9:35  Supply Depot  
  86  9:36  Supply Depot x2  
  87  9:39  Supply Depot, SCV x3  
  87  9:44  Marine  
  87  9:45  Supply Depot  
  81  9:46  Supply Depot  
  81  9:47  Marine x3  
  81  9:51  SCV x3, Marine x2  
  81  9:52  Marine  
  89  9:59  Supply Depot  
  90  10:02  Marine  
  90  10:04  SCV, Orbital Command, Marine x2  
  90  10:05  Marine  
  95  10:10  Marine  
  95  10:12  Engineering Bay  
  95  10:13  Engineering Bay  
  95  10:14  Marine  
  97  10:22  Marine  
  97  10:23  Marine x3  
  97  10:24  Medivac x2  
  97  10:25  SCV x2  
  97  10:28  Marine  
  107  10:30  Barracks Reactor, Siege Tank  
  107  10:32  Barracks Reactor  
  110  10:38  Supply Depot x2  
  110  10:40  Marine x2  
  110  10:41  Marine  
  110  10:42  Orbital Command  
  113  10:43  Marine  
  113  10:46  Marine  
  113  10:48  SCV x2  
  117  10:50  Supply Depot  
  117  10:52  Supply Depot  
  117  10:58  Marine x3  
  117  11:01  Marine  
  117  11:03  Siege Tank  
  117  11:04  Marine  
  124  11:11  Marine x4  
  125  11:12  SCV  
  125  11:13  SCV x2  
  125  11:16  Marine x3  
  136  11:19  Marine  
  136  11:22  Marine  
  136  11:25  SCV x3  
  137  11:29  Marine x2  
  137  11:32  Marine x2  
  104  11:34  Marine x2  
  104  11:35  Marine  

Tags
 
Add a new tag
Caveats
  • Supply blocks, unpowered buildings, or Contaminate may cause inaccurate times.
  • Supply counts are checked every 10 seconds.